Cogmind - Beta 13 @@@ ROGUE MODE // 2024.04.17 @ 16:03:41 Player: j.a.c.k Result: Smashed by cave-in Performance ------------- Evolutions (1) 500 Regions Visited (3) 600 Robots Destroyed (71) 355 Value Destroyed (1547) 1547 Prototype IDs (3) 60 Alien Tech Used (0) 0 Bonus (93) 93 TOTAL SCORE: 3155 Bonus ------- High Alert Combat Kills 93 Cogmind --------- Core Integrity 0/400 Matter 140/300 Energy 125/125 System Corruption 4% Temperature Cool (0) Movement Core (250) Ox4 Location -9/Mines Parts ------- > --- POWER (1) -------- Light Ion Engine > --- PROPULSION (2) --- (None) > --- UTILITY (3) ------ Signal Interpreter Seismic Detector Field Recycling Unit > --- WEAPON (3) ------- Light Assault Rifle Mini Grenade Launcher Mining Laser > --- INVENTORY (5) ---- Heat Sink Large Matter Pod Small Laser Mini Grenade Launcher Peak State ------------ > --- POWER ------------ Improved Ion Engine > --- PROPULSION ------- Aluminum Leg Improved Aluminum Leg > --- UTILITY ---------- Signal Interpreter Improved Power Shielding Field Recycling Unit > --- WEAPON ----------- Heavy Assault Rifle Improved Assault Rifle Mini Grenade Launcher > --- INVENTORY -------- Aluminum Leg Heat Sink Mini Grenade Launcher [Rating: 18] Favorites ----------- Power Light Ion Engine Engine Light Ion Engine Power Core Light Nuclear Core Propulsion Aluminum Leg Leg Aluminum Leg Wheel Wheel Flight Unit Flight Unit Utility Targeting Computer Device Field Recycling Unit Processor Targeting Computer Protection Improved Power Shielding Weapon Light Cannon Energy Gun Small Laser Energy Cannon Light EM Pulse Cannon Ballistic Gun Autogun Ballistic Cannon Light Cannon Launcher Mini Grenade Launcher Special Weapon Mining Laser Build | -11 -10 -9 -9 ------- Run | Yrd Mat Mat Min Slots Evolved 2 | . . 2 . Power . | . . . . Propulsion . | . . . . Utility 1 | . . 1 . Weapon 1 | . . 1 . Parts Attached 75 | 7 33 27 8 Power 10 | 2 2 6 . Engine 8 | 2 1 5 . Core 2 | . 1 1 . Reactor . | . . . . Propulsion 22 | 2 17 2 1 Treads . | . . . . Leg 5 | . 2 2 1 Wheel 10 | 2 8 . . Hover . | . . . . Flight 7 | . 7 . . Utility 16 | 1 6 8 1 Device 9 | 1 3 4 1 Storage . | . . . . Processor 4 | . 2 2 . Hackware . | . . . . Protection 3 | . 1 2 . Artifact . | . . . . Weapon 27 | 2 8 11 6 Energy Gun 3 | 2 . 1 . Energy Cannon 3 | . 3 . . Ballistic Gun 13 | . 4 8 1 Ballistic Cannon 1 | . 1 . . Launcher 5 | . . 2 3 Special Weapon 2 | . . . 2 Impact Weapon . | . . . . Slashing Weapon . | . . . . Piercing Weapon . | . . . . Special Melee Weapon . | . . . . Unidentified Prototypes . | . . . . Parts Lost 23 | . 4 17 2 Power 3 | . 1 2 . Propulsion 6 | . 1 4 1 Utility 6 | . 1 5 . Weapon 8 | . 1 6 1 Highest Loss Streak 11 | . 2 11 1 To Critical Strikes . | . . . . Average Slot Usage (%) 87 | . 96 88 66 Engine 7 | . 4 9 11 Core 4 | . 9 . . Leg 14 | . 11 19 10 Wheel 5 | . 14 . . Device 10 | . 9 11 11 Processor 12 | . 14 11 11 Protection 2 | . 1 5 . Energy Gun 2 | . 2 4 . Energy Cannon 2 | . 7 . . Ballistic Gun 13 | . 12 15 10 Ballistic Cannon 4 | . 5 4 . Launcher 2 | . . 5 2 Special Weapon 1 | . . . 10 Naked Turns 8 | . . 8 . Heaviest Build 24 | 7 13 24 15 Greatest Support 32 | 20 32 23 10 Greatest Overweight (x) 6 | 1 1 6 1 Average Overweight (x) . | . . . 1 Largest Inventory Capacity 5 | 5 5 5 5 Average Capacity 5 | 5 5 5 5 Most Carried 5 | 2 5 5 5 Average Carried 3 | . 3 3 3 Final Capacity 5 | 5 5 5 5 Final Carried 5 | 1 5 5 4 Class Distribution -------------------- 66% | Mutant 17% | Gunner 13% | Scavenger-Tank Dominant Class ---------------- Mutant | -10/Materials Gunner | -9/Materials Mutant | -9/Mines Resources | -11 -10 -9 -9 ----------- Run | Yrd Mat Mat Min Matter Collected 1592 | 270 474 805 43 Remotely 141 | 101 40 . . Salvage Created 1639 | 113 454 986 86 Parts 115 | 4 32 67 12 Haulers Intercepted . | . . . . Recyclers Shooed 3 | . . 3 . Parts Field Recycled 10 | . . 7 3 Retrieved Matter 24 | . . 20 4 Parts Self-Destructed . | . . . . Prevented . | . . . . Kills | -11 -10 -9 -9 ------- Run | Yrd Mat Mat Min Combat Hostiles Destroyed 51 | . 14 27 10 Guns 23 | . 8 15 . Cannons 13 | . 3 10 . AOE 15 | . 3 2 10 Classes Destroyed 8 | 2 4 2 . Worker 5 | . . 5 . Tunneler 4 | 1 1 1 1 Recycler 2 | 1 . 1 . Operator 2 | . 2 . . Watcher 7 | . 3 4 . Swarmer 23 | . 6 10 7 Grunt 21 | . 8 10 3 Sentry 7 | . . 7 . Best Kill Streak 9 | 2 4 9 7 Combat Bots Only 7 | . 3 4 7 Max Kills in Single Turn 3 | 1 2 2 3 Gunslinging 1 | . . 1 . Exploded 3 | . 2 1 3 Melee . | . . . . Uniques/NPCs Destroyed . | . . . . Combat | -11 -10 -9 -9 -------- Run | Yrd Mat Mat Min Hostile Shots Fired 283 | . 76 191 16 Missed 89 | . 25 60 4 Damage Taken 2651 | . 588 1797 266 Core 563 | . 130 324 109 Absorbed by Shields 173 | . . 173 . Redirected to Shielding 121 | . . 121 . Regen/Repaired (Parts) 38 | . 38 . . Core Remaining (%) 74 | 100 48 . . Volleys Fired 175 | 5 60 100 10 Largest 3 | 2 2 3 3 Hottest 112 | 90 112 98 83 Shots Fired 350 | 10 112 208 20 Gun 242 | 10 74 149 9 Cannon 91 | . 38 53 . Launcher 17 | . . 6 11 Special . | . . . . Kinetic 242 | . 67 166 9 Thermal 63 | 10 17 36 . Explosive 17 | . . 6 11 Electromagnetic 28 | . 28 . . Robot Hit Streak 13 | 9 9 13 6 Robot Miss Streak 5 | . 5 5 1 Penetration Max . | . . . . Secondary Targets 2 | . . 2 . Max Gunslinging Chain 1 | . . 1 . Shots Hit Robots 198 | 9 61 123 5 Core Hits 96 | 3 25 57 11 Critical Kills . | . . . . Critical Parts Destroyed . | . . . . Critical Strikes 5 | . . 5 . Blast 5 | . . 5 . Melee Attacks . | . . . . Impact . | . . . . Slashing . | . . . . Piercing . | . . . . Sneak Attacks . | . . . . Combat Hostiles . | . . . . Follow-up Attacks . | . . . . Damage Inflicted 4443 | 108 1309 2314 712 Guns 2019 | 108 621 1251 39 Cannons 986 | . 384 602 . Explosions 1417 | . 287 457 673 Melee . | . . . . Ramming 21 | . 17 4 . Kinetic 2235 | . 573 1623 39 Thermal 713 | 108 164 441 . Explosive 1164 | . 245 246 673 Electromagnetic 310 | . 310 . . Impact . | . . . . Slashing . | . . . . Piercing . | . . . . Highest Corruption 2 | . 2 2 2 Average Corruption 2 | . 2 2 2 Corruption Purged . | . . . . Corruption Blocked . | . . . . Effects 27 | . 5 15 7 Message Errors 9 | . 2 5 2 Matter Fused 4 | . 1 1 2 Heat Flow Errors 3 | . . 1 2 Energy Discharges 1 | . 1 . . Parts Rejected 1 | . . 1 . Parts Fused 1 | . . 1 . Data Loss (minor) 3 | . 1 2 . Data Loss (major) 2 | . . 2 . Misfires 2 | . . 1 1 Alerts 1 | . . 1 . Overload Shots . | . . . . Overflow Damage 130 | . 51 25 54 Projectiles 19 | . 19 . . Explosions 111 | . 32 25 54 Melee . | . . . . Knockbacks 4 | . . 4 . Impact . | . . . . Kinetic 4 | . . 4 . Secondary . | . . . . Self-Inflicted Damage 322 | . 91 218 13 Shots 8 | . 2 4 2 Rammed . | . . . . Targets Rammed 7 | . 4 3 . Kicked 7 | . 4 3 . Crushed . | . . . . Highest Temperature 180 | 90 180 164 133 Average Temperature 47 | 41 54 42 30 Received Heat Transfer 777 | . 171 570 36 Siege Activations . | . . . . Robots Corrupted . | . . . . Combat Hostiles . | . . . . Parts Fried 1 | . 1 . . Impact Corruptions . | . . . . Robots Melted . | . . . . Combat Hostiles . | . . . . Parts Melted 3 | 1 1 1 . Heat Transferred 1368 | 285 408 675 . Parts Sabotaged . | . . . . Parts Stolen . | . . . . Parts Stripped . | . . . . Power Chain Reactions 1 | . 1 . . Alert | -11 -10 -9 -9 ------- Run | Yrd Mat Mat Min Peak Influence 550 | 10 263 550 390 Initial 201 | . 6 89 201 Average 276 | 2 144 407 302 Maximum Alert Level 2 | . 1 2 1 Low Security (%) 35 | 100 59 7 37 Level 1 41 | . 40 34 62 Level 2 23 | . . 57 . Level 3 . | . . . . Level 4 . | . . . . Level 5 . | . . . . High Security . | . . . . Max Security . | . . . . Squads Dispatched 6 | . 5 1 . Investigation 4 | . 3 1 . Extermination . | . . . . Reinforcement 2 | . 2 . . Assault . | . . . . Garrison . | . . . . Intercept . | . . . . Searches Triggered . | . . . . Construction Impeded . | . . . . Haulers Reinforced . | . . . . Active Scanning Responses . | . . . . Cargo Convoy Interrupts . | . . . . Stealth | -11 -10 -9 -9 --------- Run | Yrd Mat Mat Min Distress Signals 3 | . . 3 . Communications Jammed . | . . . . Distress Signals . | . . . . Times Spotted 76 | . 25 41 10 Peak Tracking Total 5 | . 4 5 4 Tactical Retreats 4 | . 2 2 . Traps | -11 -10 -9 -9 ------- Run | Yrd Mat Mat Min Traps Triggered 7 | . 3 4 . Indirectly . | . . . . Trap Hack Attempts . | . . . . Triggered . | . . . . Disarmed . | . . . . Reprogrammed . | . . . . Reused . | . . . . Traps Extracted . | . . . . Installed . | . . . . Triggered . | . . . . Machines | -11 -10 -9 -9 ---------- Run | Yrd Mat Mat Min Machines Disabled 7 | . 3 4 . Max in Single Turn 2 | . 1 2 . Machines Repaired . | . . . . Machines Dismantled . | . . . . Machines Sabotaged . | . . . . Overloaded Fab Kills . | . . . . Hacking | -11 -10 -9 -9 --------- Run | Yrd Mat Mat Min Machines Accessed 7 | . 5 2 . Terminals 3 | . 3 . . Fabricators . | . . . . Repair Stations 2 | . 1 1 . Recycling Units 1 | . 1 . . Scanalyzers 1 | . . 1 . Garrison Access . | . . . . Total Hacks 28 | . 22 6 . Successful 17 | . 14 3 . Failed 11 | . 8 3 . Catastrophic . | . . . . Database Lockouts . | . . . . Manual . | . . . . Terminals 11 | . 11 . . Fabricators . | . . . . Repair Stations 8 | . 4 4 . Recycling Units 7 | . 7 . . Scanalyzers 2 | . . 2 . Garrison Access . | . . . . Terminal Hacks 4 | . 4 . . Record 1 | . 1 . . Prototype ID Bank 2 | . 2 . . Dispatch Records 1 | . 1 . . Fabricator Hacks . | . . . . Repair Station Hacks 5 | . 4 1 . Scan Component 3 | . 2 1 . Repair 2 | . 2 . . Recycling Unit Hacks 6 | . 6 . . Recycle Component 4 | . 4 . . Process 1 | . 1 . . Retrieve Matter 1 | . 1 . . Scanalyzer 2 | . . 2 . Insert Component 1 | . . 1 . Analyze 1 | . . 1 . Garrison Access Hacks . | . . . . Unauthorized Hacks . | . . . . Terminals . | . . . . Fabricators . | . . . . Repair Stations . | . . . . Recycling Units . | . . . . Scanalyzers . | . . . . Garrison Access . | . . . . Data Cores Recovered 1 | . 1 . . Used 1 | . 1 . . Hacking Detections 5 | . 4 1 . Full Trace Events 2 | . 2 . . Feedback Events . | . . . . Feedback Blocked . | . . . . Robot Schematics Acquired . | . . . . Robots Built . | . . . . Authchips . | . . . . Time . | . . . . Total Robot Build Rating . | . . . . Part Schematics Acquired 1 | . . 1 . Parts Built . | . . . . Authchips . | . . . . Time . | . . . . Total Part Build Rating . | . . . . Parts Repaired 2 | . 2 . . Time 79 | . 79 . . Parts Recycled 4 | . 4 . . Recycled Matter 169 | . 169 . . Retrieved Matter 228 | . 228 . . Retrieved Components . | . . . . Parts Scanalyzed 1 | . . 1 . Part Schematics Acquired 1 | . . 1 . Parts Damaged . | . . . . Bothacking | -11 -10 -9 -9 ------------ Run | Yrd Mat Mat Min Used RIF Installer . | . . . . Robots Hacked . | . . . . Non-combat . | . . . . Combat . | . . . . Robot Hacks Applied . | . . . . Relay Couplers Released . | . . . . Fabnet Peak Effective % . | . . . . Robots Rewired . | . . . . Allies Hacked . | . . . . Hacks Repelled . | . . . . Allies | -11 -10 -9 -9 -------- Run | Yrd Mat Mat Min Total Allies . | . . . . Largest Group . | . . . . Highest-Rated Group . | . . . . Highest-Rated Ally . | . . . . Total Orders . | . . . . Ally Attacks . | . . . . Total Damage . | . . . . Kills . | . . . . Allies Corrupted . | . . . . Allies Melted . | . . . . Intel | -11 -10 -9 -9 ------- Run | Yrd Mat Mat Min Robot Analysis Total . | . . . . Derelict Logs Recovered 1 | . . . 1 Drone Launches . | . . . . Drone Recoveries . | . . . . Exploration | -11 -10 -9 -9 ------------- Run | Yrd Mat Mat Min Turns Passed 3957 | 64 1579 1581 733 Spaces Moved 2432 | 42 1191 837 362 Core 80 | 12 38 30 . Treads . | . . . . Legs 1665 | . 496 807 362 Wheels 615 | 30 585 . . Hover . | . . . . Flight 72 | . 72 . . Fastest Speed 37 | 50 37 50 190 Average Speed 126 | 79 98 142 190 Slowest Speed 350 | 100 190 350 190 Overloaded Moves . | . . . . Propulsion Burnouts . | . . . . Robots Hopped 1 | . 1 . . Cave-ins Triggered 1 | . . . 1 Exploration Rate (%) 58 | 3 98 68 65 Regions Visited 3 Branch Regions 1 Pre-discovered Areas . | . . . . Known Exits Taken 1 | . . 1 . Unknown Exits Taken 2 | 1 1 . . Scrap Searched . | . . . . Spaces Dug . | . . . . Terrain Destroyed 209 | . 35 77 97 Melee . | . . . . Projectile . | . . . . AOE 209 | . 35 77 97 Terrain Rammed . | . . . . Walls Destroyed . | . . . . Machines Disabled . | . . . . Actions | -11 -10 -9 -9 --------- Run | Yrd Mat Mat Min Total 2996 | 62 1498 1043 393 Wait 205 | . 151 50 4 Move 2427 | 41 1188 836 362 Hop 1 | . 1 . . Pick Up 72 | 8 38 22 4 Fast Attach . | . . . . Attach 39 | 6 8 17 8 Detach 5 | . 1 . 4 Swap 36 | 1 25 10 . Drop 29 | 1 22 5 1 Fire 175 | 5 60 100 10 Melee . | . . . . Ram . | . . . . Kick 7 | . 4 3 . Crush . | . . . . Escape Stasis . | . . . . Rewire . | . . . . Trap . | . . . . Miscellaneous . | . . . . Route ------- -11/Scrapyard -10/Materials (discovered 4 exits: *Mat x3 / [*Min]) -9/Materials (discovered 4 exits: [*Mat] / *Min / [*Sto x2]) -9/Mines (discovered 1 exit: [*Mat]) History --------- Turn | Location | Event 22 | -11/Scrapyard | Discovered new exit (range 15) 65 | -11/Scrapyard | Entered Materials 216 | -10/Materials | Discovered new exit (range 5) 306 | -10/Materials | Build established: Mutant 574 | -10/Materials | Repaired Corrupted Lgt. Nuclear Core 605 | -10/Materials | Repaired Wheel 954 | -10/Materials | Discovered new exit (range 8) 1193 | -10/Materials | Discovered new exit (range 5) 1263 | -10/Materials | Discovered new exit (range 14) 1500 | -10/Materials | Core integrity fell below 50% 1644 | -10/Materials | Entered another Materials area 1644 | -9/Materials | Evolved 2 slots: Utility x1, Weapon x1 1646 | -9/Materials | Discovered new exit (range 8) 1788 | -9/Materials | Discovered new exit (range 13) 1934 | -9/Materials | Build established: Gunner 2123 | -9/Materials | Discovered new exit (range 9) 2360 | -9/Materials | Core integrity fell below 50% 2370 | -9/Materials | Lost 11 parts (1p2n3u5w) 2561 | -9/Materials | Discovered new exit (range 8) 2836 | -9/Materials | Build established: Scavenger-Tank 3103 | -9/Materials | Lost 3 parts (1p1u1w) 3160 | -9/Materials | Core integrity fell below 20% 3222 | -9/Materials | Identified exit to Mines 3225 | -9/Materials | Entered Mines 3268 | -9/Mines | Destroyed 7 combat bots 3365 | -9/Mines | Build established: Mutant 3391 | -9/Mines | Discovered new exit (range 5) 3794 | -9/Mines | Learned Materials terminal intel 3959 | -9/Mines | Crushed by falling debris 3959 | -9/Mines | Smashed by cave-in Last Messages --------------- The unstable cave ceiling collapses. K-01 Serf collects debris. U-05 Engineer lays Concrete. Field Recycling Unit collects Lgt. Ion Engine, recycling 4 matter... U-05 Engineer lays Concrete. Field Recycling Unit collects Wheel, recycling 0 matter... The unstable cave ceiling collapses. K-01 Serf collects debris. U-05 Engineer lays Concrete. U-05 Engineer builds a Wall. K-01 Serf collects debris. Field Recycling Unit collects Wheel, recycling 0 matter... The unstable cave ceiling collapses. Crushed by falling debris. [Achievement: Unlikely Earthworm] Aluminum Leg destroyed. System corrupted by crushing effect (+2). Map ----- +----------------------------------------------------+ | ??????## ##????????# ????# #??# | | ???????# #????????## ?????# #### | | ??????## ##????????##??????# ## | | ???#### #????????????????## | | ??## #?????????????????# | | ??# """ ##????????????????# | | ??# """ ##???????????????## | | ??# """ #????????????????## | | ?# #?????????????????### | | ?# ## #??????####??####???## | | ?## ###### ####?????## #### ##???## | | ??####???## ########## ## ##??## | | ?????????# #### | | ?????????# ## | | ?????????# ## ###### | | ????###??# ## #????# | | ????# ??# ## #????## | | ????# ?# ## ##????## ## # | | ????# ?# ##????######### ######## | | ???## ## #????????????####??????? | | ???# #??????????????????????? | | ???# ###??????????????????????? | | ???# ###???????????????????????? | | ???## ####??????? #??????????????? | | ????### u# ###??? #??????????????? | | ?????# # @## """ #??????????????? | | ?????## k """ #??????????????? | | ??????# # # """ #??????????????? | | ?????# # # #? #??????????????? | | ?????## ## #??""" ???????????????? | | ??????# # ##? #????" #??????????????? | | ??????### # #???#????? ???????????????? | | ????????# ####?????????????????????????? | | ??????? #????????????????????????????? | | ??????######????????????????????????????? | | ????????????????????????????????????????? | | ????????????????????????????????????????? | | ????????????????????????????????????????? | | ????????????????????????????????????????? | | ????????????????????????????????????????? | | ????????????????????????????????????????? | | ????????????????????????????????????????? | | ????????????????????????????????????????? | | ????????????????????????????????????????? | | ????????????????????????????????????????? | | ????????????????????????????????????????? | | | | | | | | | +----------------------------------------------------+ Best States ------------- Heat Dissipation 38 Energy Generation 14 Energy Capacity 275 Matter Stores 300 Matter Capacity 300 Sight Range 18 Robot Scan Range 14 Terrain Scan Density 10 Additional Mass Support 6 Armor Coverage 150 Power Shielding 66 Evasion (%) 62 Targeting Accuracy 10 Item Schematics ----------------- Mni. Grenade Launcher | -9/Materials | Scanalyzed Robot Schematics ------------------ None Fabricated ------------ Nothing Alien Tech Used ----------------- None Achievements -------------- Dynamic Key Maybe Next Time I'll Detach My Launcher Unlikely Earthworm Use The Force Challenges ------------ None Game ------ Seed ForceBombBank Manual? 0 Play Time 01:08:45 Cumulative 4.1 hours Start 2024.04.12 @ 18:17:25 End 2024.04.17 @ 16:03:41 Sessions 5 Manual Loads 0 Difficulty Rogue Special Mode None Game No. 4 Rogue 4 Adventurer 0 Explorer 0 Win Type - Total 0 Types 0/0/0/0/0/0/0/0/0 Lore% 2 Gallery% 7 Achievement% 7 Wizard Run 0 Options --------- Layout 1 ASCII 0 Keyboard 0 Movement Mouse Keybinds 0 Fullscreen 1 Font 32/SmallcapsGlow Map View 50x35 Zoom Use 0% Tactical HUD 0 Map Filters NONE Filters NONE Steam 0 RUN: 642cfe6d-1087-4d45-8447-ff94c2498ec1